 Dungeon Crawl Stone Soup version 0.24-a0-581-gc0fa6600bf (webtiles) character file.

Game seed: 16837683589638838702

395 Flugkiller the Changer (level 6, -2/51 HPs)
             Began as a Draconian Transmuter on Aug 23, 2019.
             Was an Initiate of Cheibriados.
             Slain by a centaur
             ... wielding a +0 flail
              (4 damage)
             ... on level 4 of the Dungeon.
             The game lasted 00:07:11 (4764 turns).

Flugkiller the Changer (Draconian Transmuter)       Turns: 4764, Time: 00:07:11

Health: -2/51      AC:  2    Str: 14    XL:     6   Next: 52%
Magic:  1/9        EV: 19    Int: 16    God:    Cheibriados [......]
Gold:   173        SH:  0    Dex: 17    Spells: 3/9 levels left

rFire    . . .     SeeInvis .     - Unarmed
rCold    . . .     Gourm    .   (shield currently unavailable)
rNeg     . . .     Faith    .   (armour unavailable)
rPois    x         Spirit   .   (helmet currently unavailable)
rElec    .         Reflect  .   (cloak currently unavailable)
rCorr    .         Harm     .   (gloves currently unavailable)
MR       .....                  (boots currently unavailable)
Stlth    ++........             (no amulet)
HPRegen  0.17/turn              (no ring)
MPRegen  0.11/turn              (no ring)

@: spider-form, very slightly contaminated, very slow
A: tiny, unfitting armour, AC +6
a: End Transformation, Bend Time, Renounce Religion


You were on level 4 of the Dungeon.
You worshipped Cheibriados.
Cheibriados was noncommittal.
You were not hungry.
You were a venomous arachnid creature.
You visited 1 branch of the dungeon, and saw 4 of its levels.

You collected 173 gold pieces.

Inventory:

Missiles
 a - 9 arrows
 i - 11 poisoned darts (quivered)
 l - 2 throwing nets
Armour
 k - a cursed +0 pair of gloves (melded)
   (You found it on level 4 of the Dungeon)
Scrolls
 b - a scroll of remove curse
 d - 3 scrolls of fear
 f - 3 scrolls of teleportation
 h - a scroll of noise {unknown}
 j - 2 scrolls of enchant armour
 m - 3 scrolls of fog
 o - a scroll of magic mapping
 r - a scroll of amnesia {unknown}
Potions
 e - 2 potions of flight
 g - a potion of cancellation
 n - a potion of curing {unknown}
 p - 2 potions of haste
Comestibles
 c - 7 rations
 q - a chunk of flesh


   Skills:
 - Level 3.1 Fighting
 - Level 2.0 Dodging
 - Level 4.0 Unarmed Combat
 - Level 2.0 Spellcasting
 - Level 5.0 Transmutations
 + Level 2.7 Invocations


You had 3 spell levels left.
You knew the following spells:

 Your Spells              Type           Power        Failure   Level  Hunger
a - Beastly Appendage     Tmut           ###...       10%         1    #......
b - Sticks to Snakes      Tmut           ###.....     13%         2    ###....
c - Spider Form           Tmut/Pois      #.........   43%         3    ###....

Your spell library contained the following spells:

 Spells                   Type           Power        Failure   Level  Hunger
 Ice Form                 Ice/Tmut       #.......     78%         4    #####..
 Blade Hands              Tmut           ###.......   78%         5    ######.


Dungeon Overview and Level Annotations

Branches:
Dungeon (4/15)
 Temple: D:4-7

Altars:
Cheibriados
Dithmenos
Hepliaklqana
Kikubaaqudgha
Yredelemnul


Innate Abilities, Weirdness & Mutations

((Your plain brown scales are hard. (AC +6)))
You cannot fit into any form of body armour.
((You are cold-blooded and may be slowed by cold attacks.))


Message History

Your horns disappear.
The centaur shouts!
The centaur unwields a +0 flail.
The centaur wields a +0 shortbow.
The centaur shoots an arrow.
The arrow hits you!
You see here an arrow.
The centaur shoots an arrow.
The arrow hits you.
The centaur shoots an arrow.
The arrow barely misses you.
You see here an arrow.
Unknown command.
Casting: Beastly Appendage (safe; 2% risk of failure)
Confirm with . or Enter, or press ? or * to list all spells.
You miscast Spider Form.
You are very lightly contaminated with residual magic.
You feel faint for a moment.
Casting: Spider Form (safe; 22% risk of failure)
Confirm with . or Enter, or press ? or * to list all spells.
You miscast Spider Form.
You feel sick.
The centaur shoots an arrow.
The arrow closely misses you.
Casting: Spider Form (safe; 22% risk of failure)
Confirm with . or Enter, or press ? or * to list all spells.
You turn into a venomous arachnid creature.
Your cursed +0 pair of gloves melds into your body.
The centaur unwields a +0 shortbow.
The centaur wields a +0 flail.
The centaur drinks a potion.
The centaur goes berserk!
Unknown command.
The centaur hits you with a +0 flail!
* * * LOW HITPOINT WARNING * * *
The centaur closely misses you.
You barely miss the centaur. The centaur barely misses you.
The centaur misses you.
Unknown command.
You hit the centaur but do no damage.
The centaur is poisoned.
The centaur completely misses you.
Unknown command.
You hit the centaur.
The centaur looks as sick as possible!
The centaur is lightly wounded.
The centaur closely misses you. The centaur hits you with a +0 flail!
* * * LOW HITPOINT WARNING * * *
You barely miss the centaur.
The centaur is lightly wounded.
The centaur closely misses you. The centaur completely misses you.
Unknown command.
You hit the centaur.
The centaur looks as sick as possible!
The centaur is moderately wounded.
The centaur misses you. The centaur hits you with a +0 flail!
* * * LOW HITPOINT WARNING * * *
Okay, then.
As you read the scroll of fear, it crumbles to dust.
You assume a fearsome visage.
The centaur hits you with a +0 flail.
You die...

#.# #........# #.## #........#
#..## #.....>..#
#...####........#
#...............#
#.....#.........# **********
#..##...........# *,,,,,,,,*
##.#####......>.# *,,,,,,,,*
##.#####...cs.### *,,,,,,,,*
##.....##..(.#..#***,,,,,,,,*
##.......#..[(##...#*,,,,,,,,*
#
#............(.###.#*,,,,,,,,*
#
#........))....##*.#**,,******
###........รท#.....#*,#,,,,*
............###...c...,,***
..#.........#*..#...(..,*
...........###.##......,*


You could see a centaur (berserk).

Vanquished Creatures
  A scorpion (D:4)
  A centaur skeleton (D:4)
  A hound (D:4)
  An orc priest (D:4)
  2 orc wizards
  Ijyb (D:3)
  3 gnolls (D:4)
  3 adders
  4 oozes
  5 worms
  3 dart slugs
  3 leopard geckos
  5 orcs
  A ball python (D:3)
  4 bats
  3 giant cockroaches (D:1)
  10 hobgoblins
  5 jackals
  2 quokkas
  5 frilled lizards
  5 goblins
  5 kobolds
  A quokka skeleton (D:4)
  11 rats
85 creatures vanquished.

Vanquished Creatures (collateral kills)
  An adder (D:2)
1 creature vanquished.

Grand Total: 86 creatures vanquished

Notes
Turn   | Place    | Note
-------+----------+-------------------------------------------
     0 | D:1      | Flugkiller the Draconian Transmuter began the quest for the
                  | Orb.
     0 | D:1      | Reached XP level 1. HP: 16/16 MP: 3/3
   299 | D:1      | Reached XP level 2. HP: 12/23 MP: 3/5
  1171 | D:2      | Reached XP level 3. HP: 27/28 MP: 6/6
  1590 | D:1      | Learned a level 2 spell: Sticks to Snakes
  1594 | D:1      | Learned a level 3 spell: Spider Form
  2106 | D:2      | Found a hazy altar of Hepliaklqana.
  2410 | D:2      | Found a basalt altar of Yredelemnul.
  2509 | D:2      | Reached skill level 3 in Transmutations
  2509 | D:2      | Reached XP level 4. HP: 32/36 MP: 5/7
  3373 | D:3      | Noticed Ijyb
  3386 | D:3      | Killed Ijyb
  3386 | D:3      | Reached skill level 4 in Transmutations
  3386 | D:3      | Reached XP level 5. HP: 36/41 MP: 2/8
  3599 | D:3      | Found a shadowy altar of Dithmenos.
  4065 | D:4      | Found a snail-covered altar of Cheibriados.
  4065 | D:4      | Found an ancient bone altar of Kikubaaqudgha.
  4069 | D:4      | Became a worshipper of Cheibriados the Contemplative
  4290 | D:4      | Reached skill level 1 in Invocations
  4306 | D:4      | HP: 2/42 [orc priest/+0 dagger (2)]
  4310 | D:4      | Reached XP level 6. HP: 4/50 MP: 2/9
  4677 | D:4      | Reached skill level 5 in Transmutations
  4763 | D:4      | HP: 2/51 [centaur/+0 flail (12)]
  4764 | D:4      | Slain by a centaur

Levels and vault maps discovered:
D:1:      nzn_arrival_crosshair, layout_basic, minmay_misc_feat_nine_boxes
D:2:      layout_basic, overflow_temple_1_default,
          nicolae_overflow_hidden_temple
D:3:      layout_basic, nicolae_dithmenos_shadow_blocks, first_ration, uniq_ijyb
D:4:      layout_rooms, lemuel_doored_altar, gammafunk_temple_overflow_wave

Skill      XL: |  1  2  3  4  5  6 |
---------------+-------------------+-----
Unarmed Combat | 4 |  4.0
Fighting       | 2 3 |  3.1
Transmutations | 3 4 5 |  5.0
Dodging        | 2 |  2.0
Invocations    | 1 2 |  2.7
Spellcasting   | |  2.0

Action                   |  1- 3 |  4- 6 || total
-------------------------+-------+-------++-------
Melee: Unarmed           |   158 |   177 ||   335
       Tailslap          |    14 |    19 ||    33
       Kick              |    14 |     3 ||    17
       Headbutt          |     4 |     6 ||    10
       Punch             |     2 |       ||     2
 Cast: Beastly Appendage |    17 |     9 ||    26
       Sticks to Snakes  |     1 |     2 ||     3
       Spider Form       |       |     8 ||     8
Invok: Bend Time         |       |     1 ||     1
  Use: Scroll            |     3 |     8 ||    11
       Potion            |       |     1 ||     1
 Stab: Sleeping          |     1 |       ||     1
  Eat: Chunk             |     2 |     8 ||    10
       Ration            |     1 |     1 ||     2
Armor: Skin              |    36 |    25 ||    61
Dodge: Dodged            |    80 |   117 ||   197

Table legend:
 A = Non-vault XP
 B = Vault XP
 C = Vault XP percentage of total XP
 D = Non-vault monster count
 E = Vault monster count
 F = Vault count percentage of total count
                 A         B        C        D         E       F
            +---------+---------+-------+---------+---------+-------
      Total |     529 |      36 |   6.4 |      85 |       1 |   1.2
            +---------+---------+-------+---------+---------+-------
        D:1 |      39 |       0 |   0.0 |      21 |       0 |   0.0
        D:2 |      66 |       0 |   0.0 |      20 |       0 |   0.0
        D:3 |     109 |      36 |  24.8 |      27 |       1 |   3.6
        D:4 |     315 |       0 |   0.0 |      17 |       0 |   0.0
            +---------+---------+-------+---------+---------+-------
